 Dungeon Crawl Stone Soup version 0.28-a0-1227-ga9037bb4c8 (webtiles) character file.

Game seed: 7151638222790785512

58 ChaosChampion the Grasshopper (level 3, 0/30 HPs)
             Began as a Draconian Warper on Dec 22, 2021.
             Killed from afar by an orc wizard (5 damage)
             ... with a magic dart
             ... on level 3 of the Dungeon.
             The game lasted 00:02:18 (3432 turns).

ChaosChampion the Grasshopper (Draconian Warper)    Turns: 3432, Time: 00:02:19

Health: 0/30       AC:  5    Str: 13    XL:     3   Next: 75%
Magic:  15/15      EV: 12    Int: 15    God:
Gold:   62         SH:  0    Dex: 10    Spells: 4/6 levels left

rFire   . . .      SeeInvis .     - Unarmed
rCold   . . .      Faith    .   (no shield)
rNeg    . . .      Spirit   .   (armour unavailable)
rPois   .          Reflect  .   (helmet restricted)
rElec   .          Harm     .   (no cloak)
rCorr   .          Rampage  .   (no gloves)
Will    .....                   (no boots)
Stlth   +.........              (no amulet)
HPRegen 0.10/turn               d - ring of magical power
MPRegen 0.14/turn               (no ring)

@: no status effects
A: AC +5, unfitting armour, cold-blooded
a: no special abilities


You were on level 3 of the Dungeon.
You visited 1 branch of the dungeon, and saw 3 of its levels.

You collected 62 gold pieces.

Inventory:

Missiles
 b - 5 boomerangs of dispersal (quivered)
Jewellery
 d - a ring of magical power (left hand)
Scrolls
 a - a scroll of blinking
 f - a scroll of identify {unknown}
Potions
 c - 2 potions of flight {unknown}
 e - a potion of ambrosia {unknown}


   Skills:
 + Level 2.9 Fighting
 - Level 0.8 Throwing
 - Level 2.1 Dodging
 * Level 3.0 Unarmed Combat
 + Level 2.3 Spellcasting
 + Level 3.3 Translocations


You had 4 spell levels left.
You knew the following spells:

 Your Spells              Type           Power      Damage    Failure   Level
z - Blink                 Tloc           22%        N/A       9%          2

Your spell library contained the following spells:

 Spells                   Type           Power      Damage    Failure   Level
 Gell's Gravitas          Tloc           11%        N/A       16%         3
 Lesser Beckoning         Tloc           11%        N/A       16%         3
 Teleport Other           Tloc           11%        N/A       16%         3
 Manifold Assault         Tloc           11%        N/A       83%         5


Dungeon Overview and Level Annotations

Branches:
Dungeon (3/15)

Altars:

Shops:
D:1 !

Annotations:
D:2 Terence


Innate Abilities, Weirdness & Mutations

Your plain brown scales are hard. (AC +5)
You cannot fit into any form of body armour.
You are cold-blooded and may be slowed by cold attacks.


Message History

The orc wizard hits you with a +0 dagger.
You closely miss the orc wizard.
The orc wizard is moderately wounded.
The orc hits you but does no damage.
The orc wizard hits you with a +0 dagger.
You closely miss the orc wizard.
The orc wizard is moderately wounded.
The orc hits you with a +0 club. The orc wizard misses you.
You miss the orc wizard.
The orc wizard is moderately wounded.
The orc closely misses you. The orc wizard barely misses you.
You hit the orc wizard.
The orc wizard is heavily wounded.
A bat comes into view.
The orc hits you with a +0 club.
The orc wizard hits you but does no damage.
The bat moves out of view.
You closely miss the orc wizard.
The orc wizard is heavily wounded.
The orc misses you.
The orc wizard hits you but does no damage.
You hit the orc wizard.
The orc wizard is heavily wounded.
The orc wizard gestures wildly while chanting.
The orc wizard flickers and vanishes!
Deactivating autopickup; reactivate with Ctrl-A.
The orc hits you with a +0 club.
The orc wizard hits you with a +0 dagger.
You closely miss the orc wizard.
The orc wizard is heavily wounded.
The orc hits you with a +0 club.
* * * LOW HITPOINT WARNING * * *
The orc wizard hits you but does no damage.
The orc wizard gestures at you while chanting.
You resist with significant effort. The orc hits you with a +0 club.
* * * LOW HITPOINT WARNING * * *
The orc wizard points at you and mumbles some strange words.
The magic dart hits you.
You die...

#........##.#...#
..#........##.#...# .#
#.#...(....##.#...#
.....##.########g##.#...#
.....#...# ##.##.#...#
.....#...######o........##
.............#..##.#.....
.............#g.<#.#.....
#....@..o...#.#.#.....
#....##...o.#...#.....
#.<).##.....#...#.....
#.#..##.....#)........
#.#..##.........####..
#.#..##....###..# #..
#.#..##....# #..# +..
#.#..####### #..# #..
#.#..# ##># #..


You could see an orc wizard, an orc and a hobgoblin.

Vanquished Creatures
  An adder (D:2)
  A worm (D:2)
  2 ball pythons (D:2)
  6 bats
  2 endoplasms
  2 giant cockroaches (D:1)
  6 goblins
  3 hobgoblins (D:2)
  3 jackals (D:1)
  5 kobolds
  2 quokkas
  6 frilled lizards
  4 rats
43 creatures vanquished.

Notes
Turn   | Place    | Note
-------+----------+-------------------------------------------
     0 | D:1      | ChaosChampion the Draconian Warper began the quest for the
                  | Orb.
     0 | D:1      | Reached XP level 1. HP: 17/17 MP: 3/3
   319 | D:1      | Reached XP level 2. HP: 25/25 MP: 5/5
   344 | D:1      | Found Lalakou's Distillery.
   965 | D:1      | Learned a level 2 spell: Blink
  1610 | D:2      | Reached XP level 3. HP: 24/30 MP: 6/6
  1945 | D:2      | Noticed Terence
  3432 | D:3      | Killed from afar by an orc wizard

Illustrated notes

Levels and vault maps discovered:
D:1:      mrwooster_arrival_statue, layout_loops_cross, serial_shops,
          nicolae_shop_statue_plus, minmay_misc_feat_four_crosses,
          minmay_misc_feat_plants, chequers_serial_rivers_marsh
D:2:      layout_loops_corners, minmay_misc_feat_tower, minmay_crystal_room,
          uniq_terence
D:3:      layout_basic, uniq_robin, uniq_natasha

Skill      XL: |  1  2  3 |
---------------+----------+-----
Unarmed Combat | 3 |  3.0
Fighting       | |  2.9
Throwing       | |  0.8
Dodging        | |  2.1
Spellcasting   | |  2.3
Translocations | |  3.3

Action                   || total
-------------------------++-------
Melee: Unarmed           ||   184
       Tailslap          ||    20
 Stab: Sleeping          ||     1
Armor: Skin              ||    56
Dodge: Dodged            ||   144

Table legend: (Time is in decaauts)
 A = Elapsed time spent in this place.
 B = Non-inter-level travel time spent in this place.
 C = Inter-level travel time spent in this place.
 D = Time resting spent in this place.
 E = Time spent auto-exploring this place.
 F = Levels seen in this place.
 G = Mean time per level.
                   A        B        C        D        E       F      G
               +--------+--------+--------+--------+--------+-----+--------+
         Total |   3428 |   3428 |      0 |    949 |   1934 |   3 | 1142.7 |
       Dungeon |   3428 |   3428 |      0 |    949 |   1934 |   3 | 1142.7 |
               +--------+--------+--------+--------+--------+-----+--------+

Top non-repeatable levels by time:
     D:2: 1730 daAuts
     D:1: 1594 daAuts
     D:3: 102 daAuts
